← All builds
Tech / Armada / Economy first / OBSERVED BUILD

Standard tech

Armada Tech (Eco) build order · Supreme Isthmus

Rushes T2 factory and Advanced Metal Extractor while sending the first T2 constructor to Geo, scaling team eco and mex upgrades through the full 15 minutes.

Usually first T2 con to Geo (84%)

#eco #t2 #team support · 901 distinct matches · 120 players · 60% of Armada Tech games · team won 53% of 1034 · Recently observed

HOW TO PLAY IT

Key timing: T2 factory by 4:15

  1. Open mex and wind, start bot lab right away.
  2. Get bot lab up and begin feeding early cons.
  3. Start advanced bot lab to rush T2 factory.
  4. Finish T2 factory and push advanced metal extractor by 5:29.
  5. Build Citadel, Platypus and Umbrella as anti-nuke defence transition.

Phase by phase

TYPICAL OF ITS 901 GAMES
  1. 1
  2. 2
  3. 3
  4. 4
PLAY THE OPENING

Follow the example game's first 6:00 step by step: what to build now, what comes next, and where it goes. At 1× it keeps pace with your own game.

  1. 1

    Up to the Bot Lab

    Economy
    • Metal Extractor3Mex
    • Wind Turbine4Wind
    Order
    1. Bot LabBot Lab after 3 mex, 4 winddone ~1:17, middle half 1:13–1:31

    By 1:01 in all: 3 mex · 4 wind

    The example game in this phase · 4 steps
    1. Mex ×2
    2. Solar
    3. Wind
    4. Bot LabBot Labdone 0:52 · typical 1:17
  2. 2

    Bot Lab to Advanced Bot Lab

    Economy
    • Metal Extractor1Mex
    • Wind Turbine8Wind
    • Energy Storage1Energy storage
    Order
    1. Advanced Bot LabAdvanced Bot Lab after 4 mex, 12 wind, 3 con turretdone ~4:15, middle half 4:04–4:28
    Builders
    • Construction Turret3 Con turret
    • Lazarus3 Lazarus
    • Construction Bot2 Con bot
    • Construction Bot1 Con bot for allies

    Some games also: converter (35%)

    By 3:19 in all: 4 mex · 12 wind · 1 energy storage · 3 con turret

    The example game in this phase · 18 steps
    1. Construction BotCon bot
    2. Mex
    3. LazarusLazarus
    4. Wind ×2
    5. Mex
    6. Wind
    7. Construction BotCon botfor Air
    8. Wind ×4
    9. Construction BotCon bot
    10. Con turret
    11. Wind
    12. LazarusLazarus
    13. Wind
    14. Con turret
    15. Wind
    16. Energy storage
    17. Bot LabEat Bot Labreclaimed for its metal
    18. Advanced Bot LabAdvanced Bot Labdone 3:47 · typical 4:15
  3. 3

    Advanced Bot Lab to 5:00

    Economy
    • Wind Turbine2Wind
    Order
    1. Bot LabEat Bot Lab
    Builders
    • Advanced Construction Bot1 T2 con bot for allies

    Some games also: converter (35%)

    By 5:00 in all: 4 mex · 15 wind · 2 converter · 1 energy storage · 3 con turret

    The example game in this phase · 6 steps
    1. Wind ×4
    2. Advanced Construction BotT2 con botfor Geo
    3. Wind
    4. Advanced Metal ExtractorT2 mex ×2done 4:46 · typical 5:29
    5. FatboyFatboyfor Ponddone 5:29
    6. Wind ×2
  4. 4

    5:00 to 10:00

    Economy
    • Wind Turbine44Wind
    • Energy Converter6Converter
    Builders
    • Butler8 Butler
    • Advanced Construction Bot4 T2 con bot for allies
    • Advanced Construction Bot1 T2 con bot

    Some games also: con turret (49%) · Butler for allies (37%)

    By 10:00 in all: 4 mex · 59 wind · 8 converter · 1 energy storage · 3 con turret

    The example game in this phase · 258 steps
    1. Wind
    2. Solar ×2
    3. Wind
    4. Advanced Construction BotT2 con botfor Air
    5. Wind ×2
    6. ButlerButler ×2
    7. Advanced Metal ExtractorT2 mex
    8. Wind
    9. ButlerButler
    10. Advanced Metal ExtractorT2 mex
    11. Wind ×4
    12. Advanced Construction BotT2 con bot
    13. Wind ×2
    14. ButlerButler
    15. Wind
    16. SharpshooterSniper botfor Ponddone 7:54
    17. Wind ×9
    18. SharpshooterSniper bot
    19. Wind ×3
    20. Advanced Construction BotT2 con botfor Geo sea
    21. Wind ×4
    22. ButlerButler
    23. Con turret
    24. Wind ×2
    25. ButlerButler
    26. Wind ×2
    27. ButlerButler
    28. Wind ×2
    29. Advanced Construction BotT2 con botfor Beach sea
    30. Wind ×2
    31. SharpshooterSniper botfor Pond
    32. Wind ×8
    33. ButlerButler
    34. Wind
    35. Converter
    36. Wind ×2
    37. ButlerButler
    38. Wind
    39. Converter
    40. Wind
    41. ButlerButler
    42. Converter
    43. Wind
    44. Advanced Construction BotT2 con botfor Pond
    45. Wind
    46. Converter
    47. Wind ×2
    48. Converter ×2
    49. Wind ×2
    50. Converter ×2
    51. Advanced Construction BotT2 con bot
    52. Wind
    53. Converter ×2
    54. Wind ×3
    55. Converter ×2
    56. ButlerButlerfor Geo sea
    57. Wind
    58. Converter ×2
    59. ButlerButlerfor Geo sea
    60. Wind
    61. Fusion ReactorFusiondone 11:28
    62. Wind
    63. Converter ×2
    64. Wind ×2
    65. Converter
    66. Wind
    67. Converter
    68. Wind
    69. Converter
    70. Con turret
    71. Converter ×2
    72. Wind
    73. Con turret
    74. Wind ×5
    75. Advanced Bot LabEat Advanced Bot Labreclaimed for its metal
    76. Converter
    77. Wind
    78. Converter
    79. Wind
    80. Converter
    81. Con turret
    82. Converter
    83. Wind
    84. Converter
    85. Wind
    86. Converter
    87. Wind ×2
    88. Converter
    89. Aircraft PlantAircraft Plantdone 11:37
    90. Wind
    91. Converter
    92. Wind
    93. Converter
    94. Wind
    95. Con turret
    96. Construction AircraftCon aircraft
    97. Wind
    98. Converter
    99. Wind ×3
    100. BansheeBanshee
    101. Wind
    102. Converter
    103. Wind
    104. BansheeBanshee
    105. Wind ×2
    106. BansheeBanshee
    107. Wind
    108. Converter
    109. BansheeBanshee
    110. Wind ×2
    111. Converter
    112. BansheeBanshee
    113. Wind ×2
    114. Converter
    115. StormbringerBomber
    116. Wind ×2
    117. StormbringerBomber
    118. Wind ×2
    119. Converter
    120. Con turret
    121. Wind ×2
    122. StormbringerBomber
    123. Wind
    124. Con turret
    125. Wind
    126. Con turret
    127. Wind ×2
    128. StormbringerBomber
    129. Wind ×2
    130. Converter
    131. StormbringerBomber
    132. Wind ×3
    133. StormbringerBomber
    134. Converter
    135. Wind
    136. StormbringerBomber
    137. Wind
    138. Con turret
    139. StormbringerBomber
    140. Wind ×2
    141. Converter
    142. StormbringerBomber
    143. Wind ×2
    144. StormbringerBomber
    145. Wind
    146. StormbringerBomber
    147. Wind
    148. Converter
    149. StormbringerBomber
    150. Wind ×3
    151. StormbringerBomber
    152. Converter
    153. StormbringerBomber
    154. Wind ×2
    155. StormbringerBomber
    156. Wind ×2
    157. StormbringerBomber
    158. Converter
    159. Wind
    160. StormbringerBomber
    161. Wind
    162. StormbringerBomber
    163. Wind
    164. Converter
    165. Wind
    166. Con turret
    167. StormbringerBomber
    168. Wind ×3
    169. StormbringerBomber
    170. Converter
    171. Wind ×2
    172. FalconFighter
    173. Wind
    174. FalconFighter
    175. Converter
    176. Wind
    177. CitadelAnti-nukedone 14:57
    178. FalconFighter
    179. Wind ×2
    180. FalconFighter
    181. Converter
    182. Wind
    183. FalconFighter
    184. Wind ×3
    185. FalconFighter
    186. Converter
    187. Wind ×2
    188. FalconFighter
    189. Con turret
    190. Wind
    191. FalconFighter
    192. Converter
    193. Wind
    194. FalconFighter
    195. Wind
    196. FalconFighter
    197. Wind
    198. FalconFighter
    199. Converter
    200. Wind ×2
    201. FalconFighter
    202. Con turret
    203. FalconFighter
    204. Wind
    205. FalconFighter
    206. Wind
    207. Converter
    208. Wind
    209. FalconFighter
    210. Wind ×2
    211. FalconFighter
    212. Converter
    213. Wind
    214. FalconFighter
    215. Wind
    216. FalconFighter
    217. Wind
    218. Converter
    219. FalconFighter
    220. Wind
    221. FalconFighter ×2
    222. Wind ×2
    223. Converter
    224. FalconFighter
    225. Wind
    226. FalconFighter
    227. Wind ×2
    228. FalconFighter ×2
    229. Converter
    230. Wind ×2
    231. FalconFighter ×2
    232. Wind ×2
    233. FalconFighter
    234. Converter
    235. FalconFighter
    236. Wind
    237. FalconFighter
    238. Wind
    239. FalconFighter
    240. Wind
    241. FalconFighter
    242. Converter
    243. Wind
    244. FalconFighter
    245. Wind
    246. FalconFighter
    247. Wind ×2
    248. FalconFighter
    249. Converter
    250. FalconFighter
    251. Wind ×2
    252. FalconFighter ×2
    253. Wind ×2
    254. FalconFighter
    255. Converter
    256. FalconFighter
    257. Wind ×2
    258. FalconFighter

Counts are medians over the build's games: half of them build more, half fewer. The example game is Cokeado's (36 OS, 08/10/2026); pick another.

Team trades

IN AT LEAST 30% OF ITS GAMES

You hand over

  • Construction Bot1 Con bot to Airfirst at 2:22 · in 87% of games
  • Advanced Construction Bot5 T2 con bot to Air or Geo sea or Pondfirst at 4:48 · in 99% of games
  • Sharpshooter2 Sniper bot to Pondfirst at 5:23 · in 32% of games
  • Butler2 Butler to Geo sea or Beach sea or Pondfirst at 9:05 · in 42% of games

You get

  • Hercules1 Light transport from Airfirst at 4:00 · in 85% of games

How it plays out

Typical game of this build, running totals by minute

Metal produced

020k40k
0:005:0010:0015:00

metal

Enemy metal destroyed

0100200300
0:005:0010:0015:00

metal

Own metal lost

0100200300
0:005:0010:0015:00

metal

1034 games.

Show as table
ByMetal produced: This buildEnemy metal destroyed: This buildOwn metal lost: This build
1:0038300
2:0091600
3:00164500
4:00316200
5:00486400
6:00580800
7:00723600
8:00911000
9:001125000
10:001358800
11:001643300
12:001999100
13:002375900
14:00276067381
15:0031704295204
WHAT THE NUMBERS SAY

This is the role's textbook T2 rush, posting the highest metal production of any build shown (31617 by 15:00) with almost no early losses.

  • + T2 factory done by 4:15 in 97% of games, extremely consistent.
  • + Own metal lost is only 228 by 15:00, near untouched economy.
  • − Team win rate is the lowest of all builds shown at 53%, fast eco alone doesn't decide games.
THE EXAMPLE YOU ARE READING

Cokeado

35.6 OS · 08/10/2026

Open source match ↗

22 received units
3033 metal received · 54887 energy received

Allied construction assistance is unknown. Timings are observations, not a promise of solo reproducibility.

Typical milestones

Bot Lab1:17Middle 50%: 1:13–1:31 · n=1034
Advanced Bot Lab4:15Middle 50%: 4:04–4:28 · n=1028
Advanced Metal Extractor5:29Middle 50%: 5:06–5:59 · n=1032

Played most by

Amrissa100games of this buildKOT_45games of this buildSyphos42games of this buildAdeus39games of this buildWashedGamuer39games of this build